AoeStats
← mehmet.eroztoprak

Team Islands

503444535Analyzed
2v2 RM · 10d ago on Aug 31, 2026· 76m 13s· 4 players
Game mode
Random Map
Map size
185×185
Population
200
Speed
Normal
Resources
Standard
Victory
Conquest
Starting age
Dark Age
Ending age
Imperial Age
RankedLock teamsTeams togetherTeam positionsShared explorationLock speedFull tech treeHidden civsTurbo modeCheats
Victory
Defeat
🇺🇦 Goths · Ukraine
779
+13
🇺🇦 Chinese · Ukraine
685
+17
🇹🇷 Huns · Türkiye
721
-15
🇹🇷 Huns · Türkiye
703
-15
mehmet.eroztoprak
6:31 Loom
20:59 Feudal Age
24:20 Fletching
24:41 Forging
24:53 Bloodlines
25:09 Scale Mail Armor
27:43 Castle Age
27:42 Scale Barding Armor
29:28 Bodkin Arrow
30:08 Iron Casting
37:38 Imperial Age
37:38 Medium Warships
40:53 Heavy Warships
41:26 Gold Mining
41:26 Double-Bit Axe
41:25 Horse Collar
47:27 Bracer
48:28 Blast Furnace
51:47 Elite Tarkan
54:26 Chain Barding Armor
54:09 Husbandry
ssemihbaki
0:38 Loom
13:16 Feudal Age
13:43 Double-Bit Axe
13:45 Fishing Lines
15:00 Horse Collar
16:36 Wheelbarrow
19:54 Scale Barding Armor
20:00 Forging
21:01 Stone Mining
21:40 Bloodlines
24:10 Castle Age
25:51 Bow Saw
26:30 Husbandry
28:19 Heavy Plow
28:51 Gillnets
30:17 Chain Barding Armor
30:40 Hand Cart
31:06 Light Cavalry
32:58 Stone Mining
34:31 Careening
34:53 Clinker Construction
35:28 Stone Mining
36:33 Medium Warships
37:40 Iron Casting
38:49 Gold Mining
44:02 Imperial Age
45:21 Plate Barding Armor
45:47 Blast Furnace
45:21 Dry Dock
45:34 Carvel Hull
46:38 Heavy Warships
45:56 Hussar
49:06 Conscription
49:27 Gold Shaft Mining
48:23 Cavalier
56:27 Guilds
63:11 Paladin
68:11 Murder Holes
Raccoon
12:25 Feudal Age
13:55 Double-Bit Axe
13:54 Horse Collar
15:13 Forging
16:45 Fishing Lines
17:08 Stone Mining
18:07 Gold Mining
21:38 Castle Age
22:53 Padded Archer Armor
22:45 Fletching
23:36 Bow Saw
25:19 Heavy Plow
26:12 Wheelbarrow
29:33 Leather Archer Armor
29:13 Bodkin Arrow
29:24 Scale Barding Armor
30:52 Scale Mail Armor
31:02 Forging
32:18 Chain Barding Armor
32:14 Siphons
32:20 Clinker Construction
32:20 Careening
32:22 Demolition Ship
33:12 Medium Warships
36:10 Hand Cart
39:49 Imperial Age
37:43 Hand Cart
38:08 Gillnets
42:25 Gold Shaft Mining
42:25 Stone Shaft Mining
41:57 Bracer
52:51 Coinage
54:45 Heavy Demolition Ship
55:51 Heavy Warships
56:29 Ring Archer Armor
56:16 Masonry
58:27 Great Wall
61:46 Iron Casting
61:46 Plate Barding Armor
61:33 Ballistics
62:14 Chemistry
61:00 Arrowslits
61:11 Murder Holes
61:26 Fortified Wall
61:07 Guard Tower
✩TyBys✩ azov
11:49 Feudal Age
14:18 Double-Bit Axe
15:17 Wheelbarrow
14:35 Man-at-Arms
16:40 Fishing Lines
17:28 Horse Collar
18:59 Scale Mail Armor
19:15 Forging
22:26 Bloodlines
22:33 Bloodlines
28:59 Castle Age
28:56 Scale Barding Armor
28:52 Padded Archer Armor
29:57 Hand Cart
29:45 Gold Mining
30:22 Heavy Plow
30:57 Gillnets
30:30 Demolition Ship
31:21 Medium Warships
36:08 Squires
35:28 Long Swordsman
36:31 Husbandry
35:52 Light Cavalry
40:24 Anarchy
41:26 Iron Casting
44:09 Imperial Age
42:17 Pikeman
44:41 Chain Mail Armor
46:06 Halberdier
46:12 Two-Handed Swordsman
47:05 Perfusion
47:33 Ballistics
47:17 Caravan
46:41 Cavalier
48:51 Chemistry
50:21 Elite Huskarl
57:15 Bow Saw
59:05 Blast Furnace
58:26 Chain Barding Armor
58:07 Padded Archer Armor
58:05 Capped Ram
60:45 Heated Shot
60:52 Murder Holes
71:17 Onager
72:04 Champion
Connection lost

Rejoining the realm…

Still unreachable

The connection could not be restored.

Session expired

The server has moved on; the page needs a fresh start.